 Dungeon Crawl Stone Soup version 0.18.1-48-g4cf74bf (webtiles) character file.

122 Heedrag the Cutter (level 5, -4/33 HPs)
             Began as a Kobold Berserker on Aug 1, 2016.
             Was a Believer of Trog.
             Slain by a river rat (8 damage)
             ... in a sewer.
             The game lasted 00:04:47 (2449 turns).

Heedrag the Cutter (Kobold Berserker)               Turns: 2449, Time: 00:04:47

Health: -4/33      AC:  3    Str: 16    XL:     5   Next: 27%
Magic:  5/5        EV: 16    Int:  5    God:    Trog [**....]
Gold:   143        SH:  5    Dex: 16    Spells: 0 memorised, 4 levels left

rFire  . . .     SeeInvis .     x - +1 dagger (vamp)
rCold  . . .     Gourm    .     b - +0 animal skin
rNeg   . . .     Faith    .     p - +0 buckler
rPois  .         Spirit   .     i - +0 helmet
rElec  .         Dismiss  .     (no cloak)
rCorr  .         Reflect  .     (no gloves)
SustAt .         Harm     .     (no boots)
MR     ++...                    (no amulet)
Stlth  +.........               (no ring)
                                (no ring)

@: regenerating, very resistant to hostile enchantments, very unstealthy
A: carnivore 3
a: Berserk, Trog's Hand, Burn Spellbooks, Renounce Religion


You were in a sewer.
You worshipped Trog.
Trog was pleased with you.
You were very full.

You visited 1 branch of the dungeon, and saw 3 of its levels.
You also visited: Sewer.

You collected 143 gold pieces.

Inventory:

Hand Weapons
 a - a +0 short sword
 o - a +0 short sword
 x - a +1 vampiric dagger (weapon)
Armour
 b - a +0 animal skin (worn)
 i - a +0 helmet (worn)
 p - a +0 buckler (worn)
Scrolls
 f - a scroll of fear {unknown}
 g - 2 scrolls of magic mapping {unknown}
 h - 4 scrolls of identify {unknown}
 j - 6 scrolls of teleportation {unknown}
 q - a scroll of enchant weapon {unknown}
 r - a scroll of fog {unknown}
 s - 2 scrolls of random uselessness {unknown}
 v - a scroll of remove curse {unknown}
 w - a scroll of enchant armour {unknown}
Potions
 d - a potion of cancellation {unknown}
 e - 2 potions of haste {unknown}
 k - 2 potions of brilliance {unknown}
 l - a potion of curing {unknown}
 m - 2 potions of degeneration {unknown}
 t - a potion of lignification {unknown}
 u - a potion of berserk rage {unknown}
Comestibles
 c - 3 meat rations
 n - a slice of pizza
 z - 4 chunks of flesh


   Skills:
 + Level 3.7 Fighting
 * Level 5.4 Short Blades
 + Level 2.0 Armour
 * Level 4.0 Dodging
 + Level 0.8 Shields


You had 4 spell levels left.
You didn't know any spells.

Dungeon Overview and Level Annotations

Branches:
Dungeon (3/15)

Altars:
Nemelex Xobeh


Innate Abilities, Weirdness & Mutations

You are small and have problems with some larger weapons.
You are carnivorous and can eat meat at any time.


Message History

Ye hit tha ri'er rat but do nay damage.
Tha ri'er rat be severely wounded.
Ye block tha ri'er rat's attack.
Tha ri'er rat barely misses ye.
Ye hit tha ri'er rat but do nay damage.
Tha ri'er rat be severely wounded.
Tha ri'er rat misses ye. x2
Ye hit tha ri'er rat but do nay damage.
Tha ri'er rat be severely wounded.
Tha ri'er rat bites ye.
* * * LOW HITPOINT WARNIN'
* * * Tha ri'er rat closely misses ye.
Yer shield prevents ye from hittin' tha ri'er rat.
Tha ri'er rat be severely wounded.
Ye feel less 'shausted.
Tha ri'er rat bites ye.
* * * LOW HITPOINT WARNIN'
* * * Ye hit tha ri'er rat.
Tha ri'er rat be almost dead.
Tha ri'er rat bites ye!
Ye die...

#.#
#.#
#.#
#.#
#∩#
#.#
#r#
#r#
#@#
#r#
#.#
#.#
#.#
#≈#
#≈#
#≈#


You could see 2 river rats and a rat.

Vanquished Creatures
  An orc wizard (D:3)
  An adder (D:2)
  A river rat (D:3)
  An ooze (D:3)
  A worm (D:2)
  2 dart slugs (D:1)
  2 giant geckos
  4 orcs (D:3)
  5 giant cockroaches
  5 goblins
  6 hobgoblins
  4 jackals (D:1)
  6 kobolds
  10 bats
  2 giant newts (D:2)
  7 rats
58 creatures vanquished.

Notes
Turn   | Place    | Note
--------------------------------------------------------------
     0 | D:1      | Heedrag the Kobold Berserker began the quest for the Orb.
     0 | D:1      | Reached XP level 1. HP: 14/14 MP: 1/1
    85 | D:1      | Reached XP level 2. HP: 18/19 MP: 2/2
   371 | D:1      | Reached XP level 3. HP: 23/23 MP: 3/3
   889 | D:2      | Reached ** piety under Trog
  1094 | D:2      | Found a sparkling altar of Nemelex Xobeh.
  1337 | D:2      | Reached XP level 4. HP: 22/28 MP: 4/4
  1903 | D:3      | Reached skill level 5 in Short Blades
  1906 | D:3      | Reached XP level 5. HP: 33/33 MP: 5/5
  2415 | D:3      | Found a glowing drain.
  2420 | Sewer    | Entered a sewer
  2449 | Sewer    | Slain by a river rat

Skill      XL: |  1  2  3  4  5 |
---------------+----------------+-----
Dodging        | 3 4 |  4.0
Armour         | 2 |  2.0
Short Blades   | 5 |  5.4
Fighting       | |  3.7
Shields        | |  0.8

Action                   |  1- 3 |  4- 6 || total
-------------------------+-------+-------++-------
Melee: Short sword       |   148 |    41 ||   189
       Dagger            |       |    83 ||    83
Invok: Berserk           |     2 |     2 ||     4
       Burn Spellbooks   |       |     1 ||     1
       Trog's Hand       |       |     1 ||     1
 Stab: Sleeping          |     1 |     4 ||     5
  Eat: Chunk             |    12 |     9 ||    21
Armor: Animal skin       |    29 |     8 ||    37
Dodge: Dodged            |   122 |    70 ||   192
Block: Buckler           |    13 |    25 ||    38
